 Dungeon Crawl Stone Soup version 0.28-a0-691-gad6df49e81 (webtiles) character file.

Game seed: 14533606527533022293

340 cheechan the Sneak (level 6, 0/57 HPs)
             Began as a Naga Chaos Knight on Oct 22, 2021.
             Was a Plaything of Xom.
             Killed by divine providence
             ... invoked by an orc priest
              (12 damage)
             ... on level 4 of the Dungeon.
             The game lasted 00:08:13 (2806 turns).

cheechan the Sneak (Naga Chaos Knight)              Turns: 2806, Time: 00:08:16

Health: 0/57       AC: 10    Str: 16      XL:     6   Next: 56%
Magic:  6/6        EV:  9    Int: 13      God:    Xom [...*..]
Gold:   65         SH:  0    Dex:  7 (10) Spells: 5/5 levels left

rFire   . . .      SeeInvis +   a - +0 hand axe (chaos)
rCold   . . .      Faith    .   (no shield)
rNeg    . . .      Spirit   .   b - +2 leather armour
rPois   +          Reflect  .   f - +1 helmet
rElec   .          Harm     .   q - +0 cloak
rCorr   .          Rampage  .   i - +0 pair of gloves
Will    .....                   (no barding)
Stlth   ++........              (no amulet)
HPRegen 0.19/turn               (no ring)
MPRegen 0.10/turn               (no ring)

@: on berserk cooldown, slowed, very slow
A: AC +2, large, see invisible, deformed body, poison resistance, slowness 2,
spit poison 1, naga tail 1
a: Spit Poison, Renounce Religion


You were on level 4 of the Dungeon.
You worshipped Xom.
You were a favourite toy of Xom.
You visited 1 branch of the dungeon, and saw 4 of its levels.

You collected 65 gold pieces.

Inventory:

Hand Weapons
 a - a +0 hand axe of chaos (weapon)
 g - a +0 hunting sling
 k - a +1 dagger of venom
 m - a +0 scythe
 p - a +2 quarterstaff of chaos
Missiles
 e - 17 arrows
 j - 10 bolts
 r - 2 javelins
Armour
 b - a +2 leather armour (worn)
 f - a +1 helmet (worn)
 i - a +0 pair of gloves (worn)
 q - a +0 cloak (worn)
Magical Staves
 d - a staff of fire
Wands
 l - a wand of flame (17)
Potions
 c - 2 potions of curing
 n - 2 potions of might {unknown}
 o - a potion of brilliance {unknown}


   Skills:
 + Level 3.8 Fighting
 + Level 4.6 Axes
 + Level 2.6 Armour
 + Level 2.0 Dodging
 * Level 4.8 Stealth


You had 5 spell levels left.
You didn't know any spells.
Your spell library was empty.

Dungeon Overview and Level Annotations

Branches:
Dungeon (4/15)
 Temple: D:4-7

Altars:


Innate Abilities, Weirdness & Mutations

Your serpentine skin is tough. (AC +2)
You have supernaturally acute eyesight. (SInv)
Armour fits poorly on your strangely shaped body.
Your system is resistant to poisons. (rPois)
You cover ground very slowly.
You can spit poison.
You have a snake-like lower body.


Message History

Beogh smites you!
Ijyb hits you with a +1 dagger of venom.
You hear a shout!
You miss Ijyb.
Ijyb is severely wounded.
You feel sick.
You are no longer poisoned.
You completely miss Ijyb.
Ijyb is severely wounded.
You hit the orc priest.
The orc priest suddenly seems more agile.
Ijyb hits you with a +1 dagger of venom.
The orc priest hits you but does no damage.
An orc comes into view. It is wielding a +0 whip.
You slash Ijyb!
You kill Ijyb!
You slash the orc priest! You burn the orc priest.
You kill the orc priest!
You feel your dexterity returning.
Your Dodging skill increases to level 2!
Items here: ) / [ †.
You feel a strong urge to attack something.
The orc closely misses you.
You are no longer berserk.
You are exhausted.
You feel yourself slow down. The orc barely misses you.
Items here: ) / [ †.
You closely miss the orc. The orc hits you with a +0 whip.
Found a scroll labelled VEACIFIALI.
An orc priest comes into view. It is wielding a +0 war axe.
The orc hits you but does no damage. The orc misses you.
You see here an adder corpse.
Found a scroll labelled ZYIRAC HUBEQO.
The orc priest invokes the aid of Beogh against you.
Beogh smites you!
* * * LOW HITPOINT WARNING * * *
The orc priest calls down the wrath of Beogh upon you.
Beogh smites you!
You die...
Xom is highly amused!

......#...
.......... ##
........ #.?
......##
#.####......#.
#....)........
#...<)........
##...o........
##.#@.#.##...
#...###... .
......o ..#
....... ..#
....... ..
....... ..#
...?...
.......


You could see an orc priest and an orc.

Vanquished Creatures
  Sigmund (D:2)
  A hound (D:4)
  Crazy Yiuf (D:2)
  An orc priest (D:4)
  Ijyb (D:4)
  3 adders
  An adder skeleton (D:4)
  A worm (D:2)
  2 dart slugs (D:3)
  6 bats
  2 endoplasms
  2 goblins (D:3)
  2 hobgoblins (D:1)
  4 jackals (D:1)
  2 quokkas
  4 ball pythons
  A frilled lizard (D:1)
  6 kobolds
  5 rats
46 creatures vanquished.

Notes
Turn   | Place    | Note
-------+----------+-------------------------------------------
     0 | D:1      | cheechan the Naga Chaos Knight began the quest for the Orb.
     0 | D:1      | Reached XP level 1. HP: 21/21 MP: 1/1
   396 | D:1      | Reached XP level 2. HP: 28/28 MP: 2/2
   777 | D:1      | Reached skill level 1 in Dodging
  1296 | D:2      | Reached XP level 3. HP: 34/34 MP: 3/3
  1430 | D:2      | Noticed Sigmund
  1435 | D:2      | XOM: enchant monster (good)
  1440 | D:2      | Killed Sigmund
  1441 | D:2      | Reached XP level 4. HP: 40/43 MP: 4/4
  1441 | D:2      | Reached XP level 5. HP: 45/49 MP: 5/5
  1704 | D:2      | Found a faded altar of an unknown god.
  1776 | D:2      | Found a runed translucent door.
  1777 | D:2      | Noticed Crazy Yiuf
  1785 | D:2      | Killed Crazy Yiuf
  2290 | D:3      | Reached XP level 6. HP: 55/57 MP: 6/6
  2539 | D:3      | XOM: summons 3 hostile demons
  2786 | D:4      | Noticed Ijyb
  2800 | D:4      | Killed Ijyb
  2806 | D:4      | Killed from afar by an orc priest

Illustrated notes

Levels and vault maps discovered:
D:1:      ncdulo_smallfort, layout_basic
D:2:      layout_rooms, basic_ecumenical_altar, minmay_misc_feat_iff,
          uniq_sigmund, uniq_crazy_yiuf_cottage
D:3:      layout_loops_ring, chequers_garden, st_stairs_6,
          kennysheep_generic_room_8
D:4:      layout_cave_pools, nrook_loot_triangle, uniq_ijyb, uniq_natasha,
          uniq_eustachio

Skill      XL: |  1  2  3  4  5  6 |
---------------+-------------------+-----
Dodging        | 1 2 |  2.0
Axes           | 4 |  4.6
Armour         | 2 |  2.6
Stealth        | 3 4 |  4.8
Fighting       | |  3.8

Action                   |  1- 3 |  4- 6 || total
-------------------------+-------+-------++-------
Melee: Hand axe          |    70 |    85 ||   155
 Abil: Spit Poison       |       |     1 ||     1
  Use: Scroll            |     3 |     2 ||     5
       Potion            |       |     1 ||     1
 Stab: Confused          |     1 |       ||     1
       Paralysed         |     5 |       ||     5
       Sleeping          |       |     2 ||     2
Armor: Leather armour    |    34 |   141 ||   175
Dodge: Dodged            |    53 |   130 ||   183

Table legend: (Time is in decaauts)
 A = Elapsed time spent in this place.
 B = Non-inter-level travel time spent in this place.
 C = Inter-level travel time spent in this place.
 D = Time resting spent in this place.
 E = Time spent auto-exploring this place.
 F = Levels seen in this place.
 G = Mean time per level.
                   A        B        C        D        E       F      G
               +--------+--------+--------+--------+--------+-----+--------+
         Total |   3492 |   3492 |      0 |    899 |      0 |   4 |  873.0 |
       Dungeon |   3492 |   3492 |      0 |    899 |      0 |   4 |  873.0 |
               +--------+--------+--------+--------+--------+-----+--------+

Top non-repeatable levels by time:
     D:1: 1566 daAuts
     D:3: 966 daAuts
     D:2: 937 daAuts
     D:4: 22 daAuts
